General information
- name: BNet
- type: Ladder team game (AT/RT)
- host: Battle.net
- saver: sc2no.wc4yes
map: Deadlock
- players: 8
- length: 09:15
- speed: Fast
- version: 1.26 W3XP
- replay type: Public
» download(51 KB)
Players
team 1 (winner)
Spicybeans (
green | 50 APM | 459 actions | 09:15)
2 Tauren Chieftain
1 War Stomp
1 Endurance Aura
» actions
| Assign group hotkey | 12 | |
| Basic commands | 19 | |
| Build / train | 27 | |
| Enter build submenu | 14 | |
| Enter hero's abilities submenu | 2 | |
| Right click | 161 | |
| Select / deselect | 94 | |
| Select group hotkey | 115 | |
| Use ability | 15 | |
459 total
» units
» upgrades
| Pillage | 1 | |
| Melee Weapons | 2 | |
| Armor | 1 | |
| Berserker Strength | 1 | |
| Shaman Training | 1 | |
6 total
» buildings
| Altar of Storms | 1 | |
| Orc Burrow | 4 | |
| Barracks | 1 | |
| War Mill | 1 | |
| Voodoo Lounge | 2 | |
| Stronghold | 3 | |
| Watch Tower | 2 | |
| Fortress | 1 | |
| Spirit Lodge | 1 | |
16 total
» build order
00:06 Altar of Storms
00:15 Orc Burrow
00:58 Barracks
01:31 War Mill
01:46 Orc Burrow
02:24 Voodoo Lounge
02:27 Voodoo Lounge
03:04 Orc Burrow
04:43 Stronghold
04:43 Stronghold
04:44 Stronghold
05:47 Watch Tower
07:21 Fortress
07:24 Spirit Lodge
07:28 Watch Tower
07:51 Orc Burrow

»
antics (
purple | 30 APM | 278 actions | 09:15)
2 Crypt Lord
1 Carrion Beetles
1 Spiked Carapace
» actions
| Basic commands | 25 | |
| Build / train | 21 | |
| Enter build submenu | 10 | |
| Enter hero's abilities submenu | 2 | |
| Right click | 105 | |
| Select / deselect | 103 | |
| Use ability | 12 | |
278 total
» units
| Acolyte | 3 | |
| Ghoul | 5 | |
| Crypt Fiend | 5 | |
13 total
» upgrades
» buildings
| Ziggurat | 4 | |
| Altar of Darkness | 1 | |
| Graveyard | 1 | |
| Crypt | 2 | |
| Tomb of Relics | 1 | |
| Halls of the Dead | 1 | |
| Nerubian Tower | 1 | |
| Black Citadel | 1 | |
| Sacrificial Pit | 1 | |
13 total
» build order
00:10 Ziggurat
00:12 Altar of Darkness
00:37 Graveyard
00:57 Crypt
01:22 Crypt
01:36 Ziggurat
03:10 Tomb of Relics
03:46 Halls of the Dead
04:39 Ziggurat
05:01 Nerubian Tower
06:40 Black Citadel
07:19 Ziggurat
07:25 Sacrificial Pit
diabloboy2345 (
yellow | 40 APM | 366 actions | 09:15)
2 Archmage
1 Summon Water Elemental
1 Brilliance Aura
» actions
| Assign group hotkey | 15 | |
| Build / train | 33 | |
| Enter build submenu | 17 | |
| Enter hero's abilities submenu | 2 | |
| Remove unit from queue | 1 | |
| Right click | 122 | |
| Select / deselect | 128 | |
| Select group hotkey | 27 | |
| Use ability | 21 | |
366 total
» units
» upgrades
| Swords | 1 | |
| Plating | 1 | |
| Lumber Harvesting | 1 | |
3 total
» buildings
| Farm | 6 | |
| Altar of Kings | 1 | |
| Barracks | 2 | |
| Arcane Vault | 1 | |
| Scout Tower | 2 | |
| Arcane Tower | 2 | |
| Blacksmith | 1 | |
| Keep | 1 | |
| Lumber Mill | 1 | |
| Arcane Sanctum | 1 | |
| Castle | 1 | |
19 total
» build order
00:12 Farm
00:14 Altar of Kings
00:35 Farm
00:37 Barracks
01:49 Farm
02:18 Arcane Vault
02:53 Farm
03:38 Farm
03:41 Scout Tower
04:13 Arcane Tower
04:16 Blacksmith
04:26 Scout Tower
05:07 Keep
05:08 Arcane Tower
05:12 Farm
05:56 Lumber Mill
07:34 Arcane Sanctum
07:35 Castle
07:39 Barracks
» items
| Scroll of Regeneration | 1 | |
| Rod of Necromancy | 1 | |
| Dust of Appearance | 1 | |
3 total

»
lxsinsxl (
orange | 53 APM | 491 actions | 09:15)
2 Demon Hunter
1 Mana Burn
1 Evasion
» actions
| Assign group hotkey | 4 | |
| Build / train | 24 | |
| Enter build submenu | 16 | |
| Enter hero's abilities submenu | 2 | |
| Remove unit from queue | 6 | |
| Right click | 279 | |
| Select / deselect | 127 | |
| Select group hotkey | 17 | |
| Use ability | 16 | |
491 total
» units
» buildings
| Hunter's Hall | 1 | |
| Ancient of War | 2 | |
| Moon Well | 6 | |
| Altar of Elders | 1 | |
| Tree of Ages | 2 | |
| Ancient Protector | 4 | |
16 total
» build order
00:52 Hunter's Hall
01:15 Ancient of War
01:18 Ancient of War
01:29 Moon Well
02:00 Altar of Elders
02:42 Moon Well
03:28 Moon Well
03:44 Moon Well
05:34 Tree of Ages
05:34 Tree of Ages
05:56 Ancient Protector
06:42 Moon Well
07:19 Ancient Protector
07:21 Ancient Protector
07:27 Ancient Protector
08:07 Moon Well
team 2 (loser)
frankrizzotker (
teal | 37 APM | 332 actions | 09:05)
1 Blademaster
1 Wind Walk
» actions
| Assign group hotkey | 3 | |
| Basic commands | 1 | |
| Build / train | 31 | |
| Enter build submenu | 10 | |
| Enter hero's abilities submenu | 1 | |
| Remove unit from queue | 1 | |
| Right click | 85 | |
| Select / deselect | 89 | |
| Select group hotkey | 94 | |
| Use ability | 17 | |
332 total
» units
» upgrades
| Melee Weapons | 3 | |
| Armor | 3 | |
| Ensnare | 1 | |
| Pillage | 1 | |
8 total
» buildings
| Altar of Storms | 1 | |
| Orc Burrow | 5 | |
| Voodoo Lounge | 1 | |
| War Mill | 1 | |
| Stronghold | 3 | |
| Fortress | 1 | |
| Beastiary | 2 | |
14 total
» build order
00:10 Altar of Storms
00:16 Orc Burrow
00:53 Voodoo Lounge
01:24 Orc Burrow
01:42 War Mill
02:49 Stronghold
02:49 Stronghold
04:00 Orc Burrow
05:13 Fortress
05:21 Beastiary
05:25 Beastiary
08:08 Orc Burrow
08:42 Orc Burrow
» items
| Healing Salve | 1 | |
| Lesser Clarity Potion | 1 | |
2 total

»
Wuskie (
pink | 24 APM | 217 actions | 09:01)
2 Shadow Hunter
1 Healing Wave
1 Hex
» actions
| Assign group hotkey | 6 | |
| Build / train | 16 | |
| Enter build submenu | 10 | |
| Enter hero's abilities submenu | 2 | |
| Right click | 58 | |
| Select / deselect | 66 | |
| Select group hotkey | 43 | |
| Use ability | 16 | |
217 total
» units
» buildings
| Orc Burrow | 3 | |
| Altar of Storms | 1 | |
| Barracks | 1 | |
| Stronghold | 1 | |
| War Mill | 1 | |
| Voodoo Lounge | 1 | |
| Fortress | 1 | |
| Spirit Lodge | 1 | |
10 total
» build order
00:10 Orc Burrow
00:14 Altar of Storms
00:54 Barracks
01:34 Orc Burrow
02:48 Stronghold
03:18 Orc Burrow
04:06 War Mill
05:08 Voodoo Lounge
05:20 Fortress
05:29 Spirit Lodge

»
sc2no.wc4yes (
red | 50 APM | 460 actions | 09:15)
2 Dreadlord
1 Sleep
1 Vampiric Aura
» actions
| Assign group hotkey | 43 | |
| Basic commands | 15 | |
| Build / train | 22 | |
| ESC pressed | 1 | |
| Enter build submenu | 9 | |
| Enter hero's abilities submenu | 2 | |
| Give item / drop item | 2 | |
| Right click | 116 | |
| Select / deselect | 72 | |
| Select group hotkey | 149 | |
| Use ability | 29 | |
460 total
» units
» buildings
| Crypt | 1 | |
| Ziggurat | 3 | |
| Altar of Darkness | 1 | |
| Halls of the Dead | 1 | |
| Graveyard | 2 | |
| Black Citadel | 1 | |
| Sacrificial Pit | 1 | |
10 total
» build order
00:10 Crypt
00:11 Ziggurat
00:39 Altar of Darkness
00:54 Ziggurat
03:15 Halls of the Dead
03:59 Graveyard
04:19 Graveyard
05:17 Ziggurat
05:39 Black Citadel
05:49 Sacrificial Pit
» items
| Boots of Speed | 1 | |
| Staff of Teleportation | 1 | |
| Scroll of Speed | 1 | |
| Scroll of Town Portal | 1 | |
4 total

»
leoagvet (
blue | 24 APM | 226 actions | 09:15)
2 Archmage
1 Blizzard
1 Summon Water Elemental
» actions
| Assign group hotkey | 7 | |
| Build / train | 35 | |
| Enter build submenu | 11 | |
| Enter hero's abilities submenu | 2 | |
| Right click | 50 | |
| Select / deselect | 62 | |
| Select group hotkey | 28 | |
| Use ability | 31 | |
226 total
» units
» upgrades
| Masonry | 1 | |
| Gunpowder | 1 | |
| Swords | 1 | |
| Long Rifles | 1 | |
4 total
» buildings
| Altar of Kings | 1 | |
| Farm | 6 | |
| Lumber Mill | 1 | |
| Barracks | 1 | |
| Keep | 1 | |
| Arcane Vault | 2 | |
| Blacksmith | 1 | |
| Castle | 1 | |
| Guard Tower | 5 | |
| Scout Tower | 3 | |
22 total
» build order
00:07 Altar of Kings
00:09 Farm
00:11 Farm
00:12 Farm
01:37 Lumber Mill
01:53 Barracks
02:39 Keep
03:15 Arcane Vault
03:22 Blacksmith
04:38 Arcane Vault
05:32 Castle
06:05 Farm
06:06 Farm
06:07 Farm
06:28 Guard Tower
07:10 Guard Tower
07:59 Scout Tower
08:13 Guard Tower
08:31 Guard Tower
08:33 Scout Tower
08:34 Scout Tower
09:07 Guard Tower
» items
| Scroll of Regeneration | 2 | |
| Ivory Tower | 3 | |
5 total
Chat log
(00:23 / Allies) frankrizzotker: i will tech on the edge
(00:34 / Allies) sc2no.wc4yes: u trying to bring donw team morale?
(00:38 / Allies) Wuskie: what the fuck does that mean
(00:43 / Allies) frankrizzotker: no
(00:45 / Allies) sc2no.wc4yes: just do it dont talk about it
(00:46 / Allies) frankrizzotker: i ma just saying
(01:03 / Allies) frankrizzotker: on top of that
(01:05 / Allies) frankrizzotker: i am going raiders
(01:10 / Allies) sc2no.wc4yes: lol
(01:27 / Allies) frankrizzotker: 2 bad ideas
(01:29 / Allies) frankrizzotker: but we will see
(01:38 / Allies) sc2no.wc4yes: raiders are fun in 2v2
(01:38 / Allies) Wuskie: ok i'll make bats
(01:43 / Allies) sc2no.wc4yes: theyre pure garbage in 4v4
(01:47 / Allies) sc2no.wc4yes: go for it tho
(01:48 / Allies) sc2no.wc4yes: im going ghouls
(01:55 / Allies) frankrizzotker: mass ghouls?
(02:01 / Allies) frankrizzotker: that sounds good
(02:13 / Allies) sc2no.wc4yes: no not mass
(02:14 / Allies) leoagvet: rifles here
(02:22 / Allies) frankrizzotker: nothing beats mass ghouls
(02:40 / Allies) sc2no.wc4yes: the world is a vampire
(02:52 / Allies) sc2no.wc4yes: sent to dreyeeeyeeeyeeain
(03:42 / Allies) frankrizzotker: scout them if you can
(04:31 / Allies) frankrizzotker: they are expanding i can just feel it
(04:36 / Allies) frankrizzotker: oj is hutn rush i think
(04:37 / Allies) Wuskie: fuck u
(04:53 / Allies) Wuskie: yer a piece of shit and cost me 2 grunts
(05:00 / Allies) sc2no.wc4yes: how did i cost you two grunts
(05:07 / Allies) sc2no.wc4yes: you were out of mana and i froze you rhero not your grunts
(05:14 / Allies) Wuskie: by porting on my head so i cant heal
(05:21 / Allies) sc2no.wc4yes: except you were out of mana
(05:25 / Allies) sc2no.wc4yes: so you couldnt heal either way
(05:32 / Allies) Wuskie: no i wasnt
(05:37 / Allies) sc2no.wc4yes: you definitely were
(05:46 / Allies) Wuskie: o well i'll be in my base
(05:51 / Allies) Wuskie: fucktard
(05:59 / Allies) sc2no.wc4yes: you lost 2 grunts creeping and try to blame it on me
(06:01 / Allies) sc2no.wc4yes: lol
(06:10 / Allies) Wuskie: u ported on my head so i cant heal
(06:11 / Allies) Wuskie: lol
(06:15 / Allies) sc2no.wc4yes: you had no mana turd boy
(06:16 / Allies) Wuskie: 400 gold fuck u
(06:16 / Allies) sc2no.wc4yes: watch the replay
(06:19 / Allies) frankrizzotker: you guys are ridiculous
(06:20 / Allies) sc2no.wc4yes: except you know im right
(06:21 / Allies) sc2no.wc4yes: so you wont
(06:38 / Allies) Wuskie: look if i had 2 grunts i could kill this guy
(06:43 / Allies) Wuskie: fucking nigger
(06:46 / Allies) sc2no.wc4yes: too bad you lost them creeping like a moron
(07:19 / All) Wuskie: what r u doing
(07:31 / Allies) sc2no.wc4yes: watch this replay to see what a moron you are
(07:33 / Allies) sc2no.wc4yes: i dare you
(07:39 / Allies) frankrizzotker: me?
(07:41 / Allies) Wuskie: what watch u kill my hero
(07:42 / Allies) frankrizzotker: or the other guy
(07:51 / Allies) sc2no.wc4yes: the guy who hallucinates mana
(07:53 / Allies) sc2no.wc4yes: in a fit of rage
(07:56 / Allies) Wuskie: ahahahahhahahhaa
(08:13 / Allies) frankrizzotker: red why so much gold
(08:17 / Allies) frankrizzotker: b/c you were raging?
(08:18 / All) lxsinsxl: rofl
(08:24 / Allies) Wuskie: yea
(08:26 / Allies) frankrizzotker: you caused red to rage
(08:31 / Allies) frankrizzotker: and he didn't play b/c he was angry
(08:32 / Allies) frankrizzotker: newbie
(08:46 / Allies) frankrizzotker: he gave gold to best player though
(08:47 / All) Wuskie: gg guys red is on her period
(09:01 / All) Spicybeans: hot
(09:06 / Allies) sc2no.wc4yes: im gonna watch this replay on half speed
(09:08 / All) lxsinsxl: gg
(09:09 / Allies) sc2no.wc4yes: and jerk off when i get to the part
(09:10 / All) diabloboy2345: gg
(09:11 / Allies) sc2no.wc4yes: where he doesnt have mana
(09:14 / Allies) sc2no.wc4yes: and loses his grutns